 Dungeon Crawl Stone Soup version 0.22.1-6-g1668fe2 (webtiles) character file.

653 redwoodhats the Sneak (level 7, -1/48 HPs)
             Began as an Octopode Monk on Jan 29, 2019.
             Was a Follower of Dithmenos.
             Slain by an iguana (6 damage)
             ... on level 6 of the Dungeon.
             The game lasted 00:20:23 (4480 turns).

redwoodhats the Sneak (Octopode Monk)               Turns: 4480, Time: 00:20:23

Health: -1/48      AC:  1    Str: 12    XL:     7   Next: 54%
Magic:  3/7        EV: 17    Int: 12    God:    Dithmenos [*.....]
Gold:   149        SH:  7    Dex: 15    Spells: 6/6 levels left

rFire    . . .     SeeInvis .   b - +1 dagger (venom)
rCold    . . .     Gourm    .   n - +0 shield
rNeg     . . .     Faith    .   (helmet restricted)
rPois    .         Spirit   .   (no amulet)
rElec    .         Reflect  .   c - +5 ring of evasion
rCorr    .         Harm     .   (no ring)
MR       .....                  (no ring)
Stlth    ++++++....             (no ring)
HPRegen  0.16/turn              (no ring)
MPRegen  0.10/turn              (no ring)
                                (no ring)
                                (no ring)

@: about to teleport, wreathed by umbra
A: almost no armour, stealthy swim, amphibious, 8 rings, constrict 8, camouflage
1, gelatinous body 1
a: Renounce Religion


You were on level 6 of the Dungeon.
You worshipped Dithmenos.
Dithmenos was aware of your devotion.
You were not hungry.

You visited 2 branches of the dungeon, and saw 6 of its levels.

You collected 149 gold pieces.

Inventory:

Hand Weapons
 b - a +1 dagger of venom (weapon)
 m - a +0 dagger
 o - a +0 hunting sling
Missiles
 p - 66 stones (quivered)
 q - 5 tomahawks of returning
Armour
 n - a +0 shield (worn)
 r - a +0 pair of boots
Jewellery
 c - a +5 ring of evasion (left tentacle)
 e - an uncursed ring of attention
Wands
 h - a wand of flame (13)
 l - a wand of random effects (22)
Scrolls
 d - 4 scrolls of identify
 g - 4 scrolls of teleportation
 i - 3 scrolls of remove curse
 j - a scroll of random uselessness
Potions
 f - a potion of cancellation
Comestibles
 a - a ration


   Skills:
 + Level 4.1 Fighting
 + Level 3.6 Short Blades
 + Level 0.5 Slings
 + Level 3.8 Dodging
 + Level 7.3 Stealth
 + Level 1.2 Shields
 + Level 4.0 Unarmed Combat
 + Level 0.1 Invocations


You had 6 spell levels left.
You didn't know any spells.
Your spell library was empty.

Dungeon Overview and Level Annotations

Branches:
Dungeon (4/15)             Temple (1/1) D:4

Altars:
Ashenzari
Cheibriados
Dithmenos
Elyvilon
Gozag
Hepliaklqana
Kikubaaqudgha
Makhleb
Nemelex Xobeh
Okawaru
Qazlal
Ru
Trog
Vehumet
Wu Jian
Xom
Zin
The Shining One


Innate Abilities, Weirdness & Mutations

You cannot wear most types of armour.
You are very stealthy in the water. (Stealth+)
You are amphibious.
You can wear up to eight rings at the same time.
You can use your tentacles to constrict eight enemies at once.
Your skin changes colour to match your surroundings (Stealth+).
Your rubbery body absorbs attacks. (AC +1, EV +1)


Message History

You hit the wyvern zombie but do no damage.
The wyvern zombie is almost destroyed.
The wyvern zombie bites you.
The orc wizard gestures wildly while chanting.
The orc wizard blinks!
The iguana misses you. The wyvern zombie bites you!
* * * LOW HITPOINT WARNING * * *
You hit the wyvern zombie but do no damage.
The wyvern zombie is almost destroyed.
The iguana misses you. The wyvern zombie misses you.
You hit the wyvern zombie. You squeeze the wyvern zombie.
You destroy the wyvern zombie!
Dithmenos accepts your kill. The iguana completely misses you.
The orc wizard casts a spell.
The orc wizard blinks!
Okay, then.
Okay, then.
As you read the scroll of teleportation, it crumbles to dust.
You feel strangely unstable. The iguana bites you.
You die...

#.#.#.# ##. #..
#. #.#.#. .. #.#
#.#. #.#.# #..
#..#.#. . #.#.
.. #.#.#. .# #.#
##.# #.. .#.#.
#. #...
#.#...... #.
#...####.#....<#
#.
#...'@looo......
#.
#...####.#.#....
#. #... #.# # #
## #. #... #.#
#..#. #... #.#
#..#. #... #.#
#.... #.$. #.#
####. #... #.#
#. #.# #.


You could see an iguana and 3 orcs.

Vanquished Creatures
  A phantom (D:4)
  A wyvern zombie (D:6)
  A scorpion (D:6)
  2 orc wizards (D:4)
  An orc priest (D:4)
  2 hounds (D:4)
  A jelly (D:6)
  2 centaur skeletons (D:4)
  Robin (D:4)
  4 gnolls (D:4)
  8 adders
  An ooze (D:3)
  An adder skeleton (D:4)
  2 worms
  A leopard gecko (D:2)
  7 orcs
  2 bats
  7 giant cockroaches
  17 goblins
  11 hobgoblins
  3 jackals (D:1)
  3 kobolds
  3 quokkas
  A ball python (D:3)
  3 frilled lizards
  10 rats
96 creatures vanquished.

Notes
Turn   | Place    | Note
-------+----------+-------------------------------------------
     0 | D:1      | redwoodhats the Octopode Monk began the quest for the Orb.
     0 | D:1      | Reached XP level 1. HP: 16/16 MP: 1/1
   283 | D:1      | Reached XP level 2. HP: 21/21 MP: 2/2
   656 | D:1      | Reached XP level 3. HP: 26/26 MP: 3/3
  1482 | D:2      | Reached skill level 3 in Stealth
  1828 | D:2      | Reached XP level 4. HP: 31/31 MP: 4/4
  2216 | D:3      | Reached skill level 4 in Stealth
  3179 | D:4      | Reached skill level 1 in Short Blades
  3179 | D:4      | Reached XP level 5. HP: 26/36 MP: 5/5
  3231 | D:4      | Reached skill level 5 in Stealth
  3276 | D:4      | Reached XP level 6. HP: 29/42 MP: 6/6
  3280 | D:4      | Reached skill level 6 in Stealth
  3409 | D:4      | Found a staircase to the Ecumenical Temple.
  3422 | Temple   | Entered the Ecumenical Temple
  3501 | Temple   | Became a worshipper of Dithmenos the Shadowed
  3501 | Temple   | Reached * piety under Dithmenos
  3501 | Temple   | Reached ** piety under Dithmenos
  3572 | D:4      | Noticed Robin
  3585 | D:4      | Killed Robin
  3766 | D:4      | Noticed a phantom
  3797 | D:4      | Killed a phantom
  3808 | D:4      | Reached XP level 7. HP: 27/47 MP: 2/7
  4032 | D:4      | Reached skill level 7 in Stealth
  4332 | D:4      | You fall through a shaft for 2 floors!
  4343 | D:6      | Reached skill level 1 in Shields
  4480 | D:6      | Slain by an iguana

Skill      XL: |  1  2  3  4  5  6  7 |
---------------+----------------------+-----
Stealth        | 3 4 5 6 7 |  7.3
Unarmed Combat | 4 |  4.0
Short Blades   | 1 3 |  3.6
Fighting       | 4 |  4.1
Shields        | 1 |  1.2
Slings         | |  0.5
Dodging        | |  3.8
Invocations    | |  0.1

Action                   |  1- 3 |  4- 6 |  7- 9 || total
-------------------------+-------+-------+-------++-------
Melee: Unarmed           |    33 |       |       ||    33
       Constrict         |    21 |    16 |     5 ||    42
       Tentacles         |    14 |    19 |    10 ||    43
       Dagger            |    40 |   104 |    30 ||   174
       Punch             |     2 |     1 |     1 ||     4
 Fire: Hunting sling     |       |       |     3 ||     3
Invok: Shadow Step       |       |     1 |     3 ||     4
  Use: Scroll            |     5 |     2 |     2 ||     9
       Potion            |       |     4 |     1 ||     5
 Stab: Sleeping          |     9 |    16 |     4 ||    29
       Distracted        |       |     1 |       ||     1
  Eat: Ration            |     1 |     1 |     1 ||     3
       Chunk             |       |     2 |       ||     2
Armor: Skin              |     4 |       |       ||     4
Dodge: Dodged            |    48 |    61 |    26 ||   135
Block: Shield            |       |    15 |     9 ||    24
